[Event "French Top 16-A 2024"]
[Site "Chartres"]
[Date "2024.06.05"]
[Round "7.15"]
[White "Degraeve, Remy"]
[Black "Delorme, Axel"]
[Result "0-1"]
[ECO "C54"]
[WhiteElo "2433"]
[BlackElo "2489"]
[Annotator "RC"]
[PlyCount "50"]
[EventDate "2024.06.01"]
[EventType "team-tourn"]
[EventCountry "FRA"]
[SourceTitle "playchess.com"]
[Source "ChessBase"]
[SourceQuality "1"]
[TimeControl "40/5400+30:1800+30"]

1. e4 e5 2. Nf3 Nc6 3. Bc4 Nf6 4. d3 Bc5 5. O-O d6 6. c3 a6 7. a4 Ba7 8. Re1 h6 9. Nbd2 g5 10. b4 Ne7 11. d4 Ng6 12. Kh1 g4 13. Ng1 exd4 14. Bb2 d3 15. f3 g3 16. Bxd3 Nf4 17. Nf1 gxh2 18. Ne2 Nxg2 19. Nxh2 Rg8 20. c4 Nh5 21. c5 Nxe1 22. Qxe1 Bh3 23. Qf2 Bg2+ 24. Kg1 dxc5 25. Rd1 c4 0-1

[Event "French Top 16-A 2024"]
[Site "Chartres"]
[Date "2024.06.05"]
[Round "7.15"]
[White "Tahay, Alexis"]
[Black "Pelletier, Yannick"]
[Result "0-1"]
[ECO "C11"]
[WhiteElo "2376"]
[BlackElo "2515"]
[Annotator "RC"]
[PlyCount "78"]
[EventDate "2024.06.01"]
[EventType "team-tourn"]
[EventCountry "FRA"]
[SourceTitle "playchess.com"]
[Source "ChessBase"]
[SourceQuality "1"]
[TimeControl "40/5400+30:1800+30"]

1. e4 e6 2. d4 d5 3. Nc3 Nf6 4. e5 Nfd7 5. f4 c5 6. Nf3 Nc6 7. Be3 a6 8. Be2 Qb6 9. Na4 Qa5+ 10. c3 cxd4 11. b4 Qc7 12. Nxd4 Nxd4 13. Bxd4 Be7 14. O-O b5 15. Nb2 Nb6 16. a4 Bd7 17. axb5 Bxb5 18. Bxb5+ axb5 19. Qd3 Qc6 20. Rxa8+ Nxa8 21. Ra1 O-O 22. Ra7 Nc7 23. Qb1 Ra8 24. Qa2 Rxa7 25. Qxa7 g5 26. Bc5 Bxc5+ 27. bxc5 d4 28. cxd4 Qe4 29. h3 Qe3+ 30. Kh1 Qc1+ 31. Kh2 Qxf4+ 32. Kh1 Qf1+ 33. Kh2 Qf4+ 34. Kh1 Nd5 35. Qb8+ Kg7 36. Qxb5 Qf2 37. Na4 Nf4 38. Qb7 Qf1+ 39. Kh2 Ne2 0-1

[Event "French Top 16-A 2024"]
[Site "Chartres"]
[Date "2024.06.05"]
[Round "7.16"]
[White "Guichard, Pauline"]
[Black "Mathieu, Phileas"]
[Result "1-0"]
[ECO "D90"]
[WhiteElo "2362"]
[BlackElo "2302"]
[Annotator "RC"]
[PlyCount "45"]
[EventDate "2024.06.01"]
[EventType "team-tourn"]
[EventCountry "FRA"]
[SourceTitle "playchess.com"]
[Source "ChessBase"]
[SourceQuality "1"]
[TimeControl "40/5400+30:1800+30"]

1. d4 Nf6 2. c4 g6 3. Nc3 d5 4. Nf3 Bg7 5. h4 dxc4 6. e4 c5 7. d5 b5 8. h5 O-O 9. hxg6 fxg6 10. e5 Ng4 11. d6 Be6 12. Bg5 Qd7 13. dxe7 Re8 14. Qxd7 Bxd7 15. a4 Nxe5 16. Nxe5 Bxe5 17. axb5 Be6 18. Be2 Nd7 19. Bf3 Rab8 20. Bc6 Kg7 21. Rxa7 Bf6 22. Bxf6+ Kxf6 23. Rxh7 1-0

[Event "French Top 16-A 2024"]
[Site "Chartres"]
[Date "2024.06.05"]
[Round "7.16"]
[White "Broly, Mathilde"]
[Black "Delorme, Laurie"]
[Result "1/2-1/2"]
[ECO "C99"]
[WhiteElo "2097"]
[BlackElo "2075"]
[Annotator "RC"]
[PlyCount "86"]
[EventDate "2024.06.01"]
[EventType "team-tourn"]
[EventCountry "FRA"]
[SourceTitle "playchess.com"]
[Source "ChessBase"]
[SourceQuality "1"]
[TimeControl "40/5400+30:1800+30"]

1. e4 e5 2. Nf3 Nc6 3. Bb5 a6 4. Ba4 Nf6 5. O-O Be7 6. Re1 b5 7. Bb3 O-O 8. c3 d6 9. h3 Na5 10. Bc2 c5 11. d4 Qc7 12. Nbd2 cxd4 13. cxd4 Nc6 14. Nb3 a5 15. Be3 a4 16. Nbd2 Bd7 17. Nf1 Rfc8 18. Re2 Qb7 19. Ng3 Bf8 20. Bg5 Ne8 21. Rd2 Rc7 22. Nf5 f6 23. Be3 Nd8 24. d5 Nf7 25. g4 g6 26. Ng3 Ng7 27. Bd3 Be7 28. Kg2 Bd8 29. Rc1 Rxc1 30. Qxc1 Rc8 31. Rc2 Rxc2 32. Qxc2 Bb6 33. Bxb6 Qxb6 34. b4 axb3 35. Qxb3 Qc5 36. Qc2 h6 37. Nd2 Nd8 38. Nb3 Qb6 39. Qd2 Kh7 40. Qa5 Qxa5 41. Nxa5 Ne8 42. a3 Nc7 43. f3 Kg7 1/2-1/2